 Dungeon Crawl Stone Soup version 0.24.0-2-g5b39cebb1c (webtiles) character file.

Game seed: 8703668080436401145, levelgen mode: deterministic

378 night the Shield-Bearer (level 7, -1/55 HPs)
             Began as a Formicid Fighter on Oct 31, 2019.
             Was a Believer of Nemelex Xobeh.
             Killed by static electricity
             ... invoked by an insubstantial wisp
             ... summoned by the player character
              (6 damage)
             ... on level 4 of the Dungeon.
             The game lasted 00:07:25 (2978 turns).

night the Shield-Bearer (Formicid Fighter)          Turns: 2978, Time: 00:07:28

Health: -1/55      AC: 10    Str: 23    XL:     7   Next: 4%
Magic:  7/7        EV:  8    Int:  7    God:    Nemelex Xobeh [**....]
Gold:   236        SH: 10    Dex:  8    Spells: 6/6 levels left

rFire    . . .     SeeInvis +   a - +0 war axe
rCold    . . .     Gourm    .   c - +0 shield
rNeg     . . .     Faith    .   b - +0 scale mail
rPois    .         Spirit   .   (helmet unavailable)
rElec    .         Reflect  .   k - +2 cloak {+Inv}
rCorr    .         Harm     .   (no gloves)
MR       .....                  (no boots)
Stlth    ..........             q - amulet of the acrobat
HPRegen  0.18/turn              r - +4 ring of slaying
MPRegen  0.10/turn              h - ring of wizardry

@: lethally poisoned (-1 -> -7)
A: permanent stasis, dig shafts and tunnels, four strong arms, antennae 3,
talons 1, clumsy 1, sense surroundings 2
a: Dig, Shaft Self, Draw Escape, Draw Destruction, Draw Summoning, Renounce
Religion, Evoke Invisibility


You were on level 4 of the Dungeon.
You worshipped Nemelex Xobeh.
Nemelex Xobeh was pleased with you.
You were not hungry.

You visited 1 branch of the dungeon, and saw 4 of its levels.

You collected 236 gold pieces.

Inventory:

Hand Weapons
 a - a +0 war axe (weapon)
Missiles
 j - 32 arrows
 o - 31 bolts
Armour
 b - a +0 scale mail (worn)
 c - a +0 shield (worn)
 k - a +2 cloak of invisibility (worn)
Jewellery
 h - a ring of wizardry (right hand)
 p - an uncursed ring of protection from magic {unknown}
 q - an amulet of the acrobat (around neck)
 r - a +4 ring of slaying (left hand)
 s - an uncursed amulet of guardian spirit
Scrolls
 w - 2 scrolls of enchant armour
 x - a scroll of identify
Potions
 d - a potion of might
 e - a potion of mutation
 g - 2 potions of cancellation {unknown}
 l - 2 potions of agility {unknown}
 m - 2 potions of curing {unknown}
 n - a potion of ambrosia {unknown}
 t - a potion of degeneration {unknown}
 u - a potion of lignification {unknown}
 v - a potion of haste {unknown}
 z - a potion of heal wounds {unknown}
Comestibles
 f - 10 rations
 i - 3 chunks of flesh


   Skills:
 + Level 4.9 Fighting
 * Level 5.1 Axes
 - Level 3.2 Armour
 + Level 5.3 Shields


You had 6 spell levels left.
You didn't know any spells.
Your spell library was empty.

Dungeon Overview and Level Annotations

Branches:
Dungeon (4/15)
 Temple: D:4-7

Altars:
Cheibriados
Fedhas
Gozag
Nemelex Xobeh
Yredelemnul

Annotations:
D:4 Natasha


Innate Abilities, Weirdness & Mutations

You cannot be hasted, slowed, berserked, paralysed or teleported.
You can dig through walls and to a lower floor.
Your four strong arms can wield two-handed weapons with a shield.
You have a pair of large antennae on your head. (SInv)
You have sharp toenails.
You are clumsy. (Dex -2)
You passively map the area around you.


Message History

Your neqoxec dies!
Your iron imp disappears in a puff of smoke!
Your quasit disappears in a puff of smoke!
The worker ant waves its antennae.
You block the worker ant's attack.
It was a potion of mutation.
You feel extremely strange.
You feel clumsy.
You feel a strange attunement to the structure of the dungeons.
Your toenails lengthen and sharpen.
Your attunement to dungeon structure grows.
* * * LOW HITPOINT WARNING * * *
You feel sick.
The insubstantial wisp completely misses your insubstantial wisp.
Your insubstantial wisp hits the insubstantial wisp.
Your insubstantial wisp blinks!
You block the worker ant's attack.
The insubstantial wisp thrums sharply.
You are struck by an arc of lightning.
You die...
Your body glows slightly and disappears.

,##. #.#.# ,,, ,
,....,#...##.......#,
#.(....#.##.......#,,
, , .).#.#....§v....#
, * *,,
....c##....o..#
#.#?##)#.##..§....#, *
, .......(.!{§......#
, ,
,#.##.###o##.......# ,
,, $......ca@v.R....#
, * #.
#.###.####§v.....#,
#.##.###.####v..$...#,
...................# ,
, ,#.......#.........#
,
*,,#.......#..#......#
#.......#..#......# *
#.......#..#......#
#+##,
#..)....#..#......# *


You could see a centaur, 2 insubstantial wisps, a worker ant, an orc priest, an
orc wizard, a friendly rakshasa and 2 friendly insubstantial wisps.

Vanquished Creatures
  An orc priest (D:4)
  3 orc wizards (D:3)
  Ijyb (D:4)
  Natasha (D:4)
  A worker ant (D:4)
  Robin (D:3)
  4 adders
  3 dart slugs
  3 leopard geckos
  17 orcs
  13 bats
  4 giant cockroaches
  20 goblins
  6 hobgoblins
  11 jackals
  9 kobolds
  2 quokkas
  2 ball pythons
  5 frilled lizards
  7 rats
  A spectral orc (D:2)
115 creatures vanquished.

Notes
Turn   | Place    | Note
-------+----------+-------------------------------------------
     0 | D:1      | night the Formicid Fighter began the quest for the Orb.
     0 | D:1      | Reached XP level 1. HP: 18/18 MP: 1/1
    76 | D:1      | Reached XP level 2. HP: 21/24 MP: 2/2
   215 | D:1      | Found a sparkling altar of Nemelex Xobeh.
   217 | D:1      | Reached XP level 3. HP: 26/29 MP: 3/3
   232 | D:1      | Became a worshipper of Nemelex Xobeh the Trickster
   488 | D:1      | Received a gift from Nemelex Xobeh
   934 | D:2      | Reached XP level 4. HP: 35/37 MP: 4/4
   949 | D:2      | Found a basalt altar of Yredelemnul.
  1097 | D:2      | Received a gift from Nemelex Xobeh
  1263 | D:2      | Reached * piety under Nemelex Xobeh
  1409 | D:2      | Found a snail-covered altar of Cheibriados.
  1863 | D:3      | Noticed Robin
  1875 | D:3      | Killed Robin
  1875 | D:3      | Reached XP level 5. HP: 38/42 MP: 5/5
  2046 | D:3      | Found a blossoming altar of Fedhas.
  2133 | D:3      | Reached XP level 6. HP: 47/49 MP: 6/6
  2145 | D:3      | Reached skill level 5 in Shields
  2400 | D:3      | Found an opulent altar of Gozag.
  2493 | D:3      | Received a gift from Nemelex Xobeh
  2750 | D:4      | Noticed Natasha
  2756 | D:4      | Killed Natasha
  2927 | D:4      | Reached ** piety under Nemelex Xobeh
  2954 | D:4      | Noticed Ijyb
  2961 | D:4      | Killed Ijyb
  2961 | D:4      | Reached skill level 5 in Axes
  2964 | D:4      | Noticed Natasha
  2965 | D:4      | Reached XP level 7. HP: 55/55 MP: 7/7
  2973 | D:4      | Noticed an insubstantial wisp
  2973 | D:4      | Noticed an insubstantial wisp
  2978 | D:4      | Gained mutation: You are clumsy. (Dex -2) [potion of
                  | mutation]
  2978 | D:4      | Gained mutation: You passively map a small area around you.
                  | [potion of mutation]
  2978 | D:4      | Gained mutation: You have sharp toenails. [potion of
                  | mutation]
  2978 | D:4      | Gained mutation: You passively map the area around you.
                  | [potion of mutation]
  2978 | D:4      | Killed from afar by an insubstantial wisp

Levels and vault maps discovered:
D:1:      nagdon_arrival_zigzag_paths, layout_basic, minmay_strange_pillars,
          hangedman_decor_points, nemelex_xobeh_ov_fountains_minmay
D:2:      layout_loops_ring, yredelemnul_forgotten_temple_becter,
          lemuel_round_altar, grunt_ministairs_8, minmay_3d_cube
D:3:      layout_loops_ring, nicolae_gozag_seed_capital, fedhas_ov_isle_minmay,
          first_ration, uniq_robin
D:4:      layout_gridville, portal_sewer_entry_e, minmay_diced_spiral,
          uniq_ijyb, uniq_natasha

Skill      XL: |  1  2  3  4  5  6 |
---------------+-------------------+-----
Shields        | 4 5 |  5.3
Axes           | 3 4 5 |  5.1
Fighting       | 4 |  4.9
Armour         | |  3.2

Action                   |  1- 3 |  4- 6 |  7- 9 || total
-------------------------+-------+-------+-------++-------
Melee: War axe           |    96 |   199 |     5 ||   300
 Abil: Dig               |       |     1 |       ||     1
       Draw Destruction  |       |     2 |     2 ||     4
       Draw Summoning    |       |       |     2 ||     2
  Use: Scroll            |     2 |     6 |       ||     8
       Potion            |       |       |     1 ||     1
  Eat: Chunk             |       |     8 |       ||     8
Armor: Scale mail        |    56 |    78 |     1 ||   135
Dodge: Dodged            |    56 |    67 |     3 ||   126
Block: Shield            |    66 |   103 |     8 ||   177
